 Dungeon Crawl Stone Soup version 0.29-a0-451-gfbfa42419e (webtiles) character file.

Game seed: 6331476448013898292

11948 acebull12 the Basher (level 11, -5/86 HPs)
             Began as a Demonspawn Gladiator on May 20, 2022.
             Was a High Priest of Okawaru.
             Slain by Grum
             ... wielding a +0 spear
              (7 damage)
             ... on level 10 of the Dungeon.
             The game lasted 00:31:00 (12892 turns).

acebull12 the Basher (Demonspawn Gladiator)        Turns: 12892, Time: 00:31:05

Health: -5/86      AC: 25    Str: 24    XL:     11   Next: 56%
Magic:  11/13      EV:  9    Int:  9    God:    Okawaru [*****.]
Gold:   368        SH:  6    Dex: 16    Spells: 10/10 levels left

rFire   . . .      SeeInvis .   a - +1 flail (freeze)
rCold   . . .      Faith    .   b - +1 buckler {AC+3}
rNeg    . . .      Spirit   .   o - +0 storm dragon scales
rPois   .          Reflect  .   L - +2 hat
rElec   +          Harm     .   l - +0 cloak
rCorr   .          Rampage  .   (no gloves)
Will    .....                   (no boots)
Stlth   ..........              w - amulet of the acrobat
HPRegen 0.24/turn               H - +6 ring of strength
MPRegen 0.13/turn               x - +4 ring of protection

@: no status effects
A: hooves 2, molten scales 2, ignite blood 2, spiny 1
a: Renounce Religion, Heroism, Finesse, Duel


You were on level 10 of the Dungeon.
You worshipped Okawaru.
Okawaru was extremely pleased with you.
You visited 2 branches of the dungeon, and saw 11 of its levels.

You collected 368 gold pieces.

Inventory:

Hand Weapons
 a - a +1 flail of freezing (weapon)
 c - a +1 vorpal flail
Missiles
 d - 4 throwing nets (quivered)
 e - a javelin
Armour
 b - a +1 buckler of protection (worn)
 l - a +0 cloak (worn)
 o - +0 storm dragon scales (worn)
 L - a +2 hat (worn)
Jewellery
 w - an amulet of the acrobat (around neck)
 x - a +4 ring of protection (right hand)
 y - a ring of flight
 A - a ring of resist corrosion
 C - a +4 ring of protection
 H - a +6 ring of strength (left hand)
 I - an amulet of magic regeneration
Wands
 z - a wand of iceblast (15)
 D - a wand of polymorph (10)
Scrolls
 g - a scroll of enchant armour {unknown}
 k - a scroll of teleportation
 m - 3 scrolls of magic mapping {unknown}
 n - 2 scrolls of poison
 q - a scroll of noise {unknown}
 r - 2 scrolls of fog {unknown}
 t - a scroll of vulnerability {unknown}
 u - 2 scrolls of amnesia
 v - a scroll of silence {unknown}
 E - a scroll of acquirement {unknown}
Potions
 f - 2 potions of brilliance {unknown}
 h - a potion of berserk rage
 i - a potion of magic {unknown}
 j - 3 potions of heal wounds
 p - 6 potions of curing
 s - a potion of degeneration {unknown}
 B - 2 potions of might
 F - a potion of flight {unknown}
 J - a potion of invisibility {unknown}
 K - a potion of lignification {unknown}


   Skills:
 * Level 8.1 Fighting
 * Level 12.7 Maces & Flails
 - Level 1.9 Throwing
 + Level 6.0 Armour
 + Level 3.6 Dodging
 + Level 2.1 Stealth
 + Level 5.2 Shields
 * Level 3.2 Invocations


You had 10 spell levels left.
You didn't know any spells.
Your spell library contained the following spells:

 Spells                   Type           Power      Damage    Failure   Level
 Shock                    Conj/Air       0%         1d3       98%         1
 Confusing Touch          Hex            0%         N/A       100%        3
 Ozocubu's Armour         Ice            0%         N/A       100%        3
 Portal Projectile        Hex/Tloc       0%         N/A       100%        3
 Swiftness                Air            0%         N/A       100%        3
 Airstrike                Air            0%         N/A       100%        4
 Leda's Liquefaction      Hex/Erth       0%         N/A       100%        4
 Yara's Violent Unravell  Hex/Tmut       0%         3d3       100%        5
 Enfeeble                 Hex            0%         N/A       100%        7
 Ozocubu's Refrigeration  Ice            0%         4d5       100%        7
 Call Canine Familiar     Summ           Unusable   N/A       N/A         3

Dungeon Overview and Level Annotations

Branches:
Dungeon (10/15)            Temple (1/1) D:5             Orc (0/2) D:9
   Lair: D:8-11

Altars:
Ashenzari
Cheibriados
Dithmenos
Elyvilon
Fedhas
Gozag
Hepliaklqana
Kikubaaqudgha
Makhleb
Nemelex Xobeh
Okawaru
Qazlal
Ru
Uskayaw
Vehumet
Wu Jian
Xom
Yredelemnul
Zin

Shops:
D:1 (

Annotations:
D:7 3 runed translucent doors, Eringya's ghost, novice OpCj
D:10 Grum


Innate Abilities, Weirdness & Mutations

You have hoof-like feet.
You are mostly covered in molten scales. (AC +3)
Your demonic aura often causes spilled blood to erupt in flames.
You are partially covered in sharp spines.


Message History

The great orb of eyes turns its gaze towards you.
The great orb of eyes gazes at you. You resist with significant effort.
The great orb of eyes gazes at you.
You feel your power leaking away.
Grum the Hunter comes into view.
He is wielding a +0 spear.
Grum growls angrily.
You sock the great orb of eyes! You freeze the great orb of eyes.
The great orb of eyes is moderately wounded.
The great orb of eyes bites you but does no damage.
You barely miss the great orb of eyes. You kick the great orb of eyes.
The great orb of eyes is moderately wounded.
A wolf comes into view.
The great orb of eyes bites you but does no damage.
Grum hits you but does no damage.
You barely miss the great orb of eyes.
The wolf howls!
Your kick misses the great orb of eyes.
The great orb of eyes is moderately wounded.
You hear a shout!
A tengu conjurer comes into view.
Grum hits you but does no damage.
The great orb of eyes bites you but does no damage.
You sock the great orb of eyes! You freeze the great orb of eyes.
Your kick misses the great orb of eyes.
The great orb of eyes is heavily wounded.
The wolf barely misses you.
You hit the great orb of eyes. You freeze the great orb of eyes.
The great orb of eyes is heavily wounded.
The wolf is struck by your spines. The wolf bites you but does no damage.
The great orb of eyes barely misses you.
You block Grum's attack. The wolf bites you but does no damage.
You hit the great orb of eyes. You freeze the great orb of eyes.
Your kick misses the great orb of eyes.
The great orb of eyes is severely wounded.
The great orb of eyes gazes at you.
Your mind is blasted!
* * * LOW HITPOINT WARNING * * *
Grum hits you from afar with a +0 spear!
You die...

# #.##.# #..#
#........#..##.
# #.##.# #.##
##.###.##...##.
# #....# #.#
#.###########.
# #.#### #.#
###.... #. #
#.# #.#
#####....$ ##
#.#
#.####..#......
# #.#
#.)§..§##..c. #
#.#
####†.##..y#
#####.#
##@##..#
....(.#


#GhgQ# #####.# ###.## # #.# #.)# # ##D## #####.## # ##.#.## ##...#.#
###.###.####.####.# ##D## ##.....# #K## ##..###.####.####.)# You could see a
great orb of eyes, Grum, a tengu conjurer and a wolf.

Vanquished Creatures
  Gastronok (D:9)
  A centaur warrior (D:10)
  A two-headed ogre (D:10)
  Nergalle (D:10)
  A gargoyle (D:10)
  Maggie (D:6)
  A kobold demonologist (D:10)
  2 hornets (D:10)
  2 trolls
  A wraith (D:9)
  A shadow (D:10)
  9 yaks
  2 vampire mosquitoes
  A basilisk (D:10)
  Menkaure (D:4)
  2 steam dragons
  An acid dragon (D:10)
  4 ice beasts
  A black bear (D:6)
  3 orc warriors
  A sky beast (D:8)
  3 wolves
  5 centaurs
  4 kobold brigands
  5 bullfrogs
  2 necrophages
  3 scorpions
  Blork the orc (D:4)
  A gnoll sergeant (D:8)
  14 wights
  A killer bee (D:10)
  5 howler monkeys
  2 centaur zombies (D:7)
  A human zombie (D:7)
  4 hounds (D:5)
  3 jellies
  4 gnoll shamans
  4 orc priests
  Crazy Yiuf (D:3)
  Jessica (D:3)
  Terence (D:3)
  3 iguanas
  17 orc wizards
  A killer bee zombie (D:7)
  2 mummies (D:7)
  A howler monkey zombie (D:7)
  6 adders
  26 gnolls
  A white imp (D:8)
  2 worms
  6 dart slugs
  34 orcs
  4 bats
  10 endoplasms
  A giant cockroach (D:2)
  4 goblins (D:1)
  9 hobgoblins
  11 jackals (D:5)
  5 quokkas
  9 ball pythons
  3 frilled lizards
  16 kobolds
  5 rats
279 creatures vanquished.

Vanquished Creatures (others)
  2 orcs (D:9)
  23 fungi
  2 plants (D:7)
27 creatures vanquished.

Grand Total: 306 creatures vanquished

Notes
Turn   | Place    | Note
-------+----------+-------------------------------------------
     0 | D:1      | acebull12 the Demonspawn Gladiator began the quest for the
                  | Orb.
     0 | D:1      | Reached XP level 1. HP: 16/16 MP: 1/1
   208 | D:1      | Gained mutation: Your demonic aura sometimes causes spilled
                  | blood to erupt in flames. [demonic ancestry]
   208 | D:1      | Reached XP level 2. HP: 6/22 MP: 2/2
   456 | D:1      | Reached skill level 3 in Maces & Flails
   491 | D:1      | You fall into a shaft and drop 1 floor!
   601 | D:1      | Found Tufonk's Weapon Shop.
  1079 | D:1      | Gained mutation: Your demonic aura often causes spilled
                  | blood to erupt in flames. [demonic ancestry]
  1079 | D:1      | Reached XP level 3. HP: 27/27 MP: 3/3
  1578 | D:2      | Reached skill level 1 in Armour
  1766 | D:2      | Found a faded altar of an unknown god.
  2557 | D:3      | Noticed Terence
  2857 | D:3      | Reached XP level 4. HP: 15/34 MP: 4/4
  2865 | D:3      | Reached skill level 4 in Maces & Flails
  3212 | D:3      | Killed Terence
  3213 | D:3      | Reached skill level 1 in Shields
  3409 | D:3      | Gained mutation: You are partially covered in sharp spines.
                  | [demonic ancestry]
  3409 | D:3      | Reached XP level 5. HP: 39/39 MP: 5/5
  3479 | D:3      | Noticed Jessica
  3482 | D:3      | Killed Jessica
  3817 | D:3      | Found a runed translucent door.
  3818 | D:3      | Noticed Crazy Yiuf
  3932 | D:3      | Killed Crazy Yiuf
  4116 | D:4      | Noticed Blork the orc
  4117 | D:4      | Killed Blork the orc
  4118 | D:4      | Reached XP level 6. HP: 46/46 MP: 6/6
  4258 | D:4      | Reached skill level 5 in Maces & Flails
  4343 | D:4      | Noticed Menkaure
  4350 | D:5      | Entered Level 5 of the Dungeon
  4678 | D:5      | Reached XP level 7. HP: 48/52 MP: 7/7
  4776 | D:5      | Reached skill level 6 in Maces & Flails
  5172 | D:4      | Killed Menkaure
  5535 | D:5      | Gained mutation: You have large cloven feet. [demonic
                  | ancestry]
  5535 | D:5      | Reached XP level 8. HP: 54/60 MP: 8/8
  5541 | D:5      | Reached skill level 7 in Maces & Flails
  5909 | D:5      | Found a staircase to the Ecumenical Temple.
  5917 | Temple   | Entered the Ecumenical Temple
  5925 | Temple   | Became a worshipper of Warmaster Okawaru
  6133 | D:5      | Found a sacrificial altar of Ru.
  6340 | D:5      | Reached skill level 5 in Fighting
  6394 | D:5      | Reached * piety under Okawaru
  6395 | D:5      | Reached skill level 8 in Maces & Flails
  6801 | D:6      | Noticed Maggie
  6813 | D:6      | Killed Maggie
  6814 | D:6      | Gained mutation: You have hoof-like feet. [demonic
                  | ancestry]
  6814 | D:6      | Reached XP level 9. HP: 51/68 MP: 9/9
  7075 | D:6      | Reached skill level 9 in Maces & Flails
  7416 | D:6      | Found a snail-covered altar of Cheibriados.
  8106 | D:7      | Found a runed translucent gate.
  8106 | D:7      | Found a runed translucent gate.
  8106 | D:7      | Found a runed translucent gate.
  8107 | D:7      | Noticed Eringya's ghost (novice OpCj)
  8189 | D:7      | Reached ** piety under Okawaru
  8236 | D:7      | Found a sparkling altar of Nemelex Xobeh.
  8236 | D:7      | Found a hazy altar of Hepliaklqana.
  8237 | D:7      | Found an ornate altar of the Wu Jian Council.
  8260 | D:7      | Found an opulent altar of Gozag.
  8531 | D:7      | Found a basalt altar of Yredelemnul.
  8799 | D:7      | Reached skill level 10 in Maces & Flails
  9062 | D:8      | Gained mutation: You are partially covered in molten
                  | scales. (AC +2) [demonic ancestry]
  9062 | D:8      | Reached XP level 10. HP: 63/77 MP: 10/10
  9296 | D:8      | Reached *** piety under Okawaru
  9317 | D:8      | Found a shimmering altar of Xom.
  9830 | D:9      | Noticed Gastronok
  9848 | D:9      | Killed Gastronok
  9848 | D:9      | Reached **** piety under Okawaru
  9849 | D:9      | Reached skill level 11 in Maces & Flails
 10072 | D:9      | Reached skill level 1 in Stealth
 10106 | D:9      | Reached skill level 5 in Armour
 10618 | D:9      | Reached ***** piety under Okawaru
 10917 | D:9      | Found a staircase to the Orcish Mines.
 11083 | D:10     | Entered Level 10 of the Dungeon
 11665 | D:10     | Noticed a gargoyle
 11796 | D:10     | Killed a gargoyle
 11797 | D:10     | Reached skill level 12 in Maces & Flails
 11797 | D:10     | Gained mutation: You are mostly covered in molten scales.
                  | (AC +3) [demonic ancestry]
 11797 | D:10     | Reached XP level 11. HP: 33/86 MP: 11/11
 12144 | D:10     | Found a burning altar of Makhleb.
 12158 | D:10     | Reached skill level 1 in Invocations
 12175 | D:10     | Noticed Nergalle
 12189 | D:10     | Killed Nergalle
 12545 | D:10     | Noticed a two-headed ogre
 12553 | D:10     | Killed a two-headed ogre
 12553 | D:10     | Received a gift from Okawaru
 12834 | D:10     | Reached skill level 5 in Shields
 12858 | D:10     | Noticed a centaur warrior
 12866 | D:10     | Killed a centaur warrior
 12881 | D:10     | Noticed a great orb of eyes
 12886 | D:10     | Noticed Grum
 12892 | D:10     | HP: 2/86 [disintegration (41)]
 12892 | D:10     | Slain by Grum

Illustrated notes

Levels and vault maps discovered:
D:1:      lightli_arrival_isolated_outpost, layout_basic, serial_shops,
          nicolae_shop_statue_plus
D:2:      layout_basic, dreamdust_ecumenical_altar_angels_and_demons,
          dk_noncrumbling_2
D:3:      layout_loops_ring, minmay_crystal_room, minivault_24,
          uniq_crazy_yiuf_cottage, uniq_jessica, uniq_terence
D:4:      layout_loops_cross, grunt_ministairs_13, uniq_blork_the_orc,
          uniq_menkaure, uniq_pikel
D:5:      lemuel_castle_with_subvaults [lemuel_castle_interior_carwin_3],
          layout_loops_ring, nicolae_overflow_crystal_walls,
          minmay_temple_entry_waves
D:6:      layout_basic, slow_altar_1, uniq_maggie
D:7:      layout_basic, nicolae_gozag_cash_rules_everything_around_me,
          lemuel_mausoleum_altar_yredelemnul, minitemple,
          gammafunk_ghost_nasty_kobolds, corexii_hall_statues_i
D:8:      layout_loops_ring, lemuel_round_altar
D:9:      layout_stronghold, orc_0_dummy, amcnicky_mini_pool_small,
          uniq_gastronok
D:10:     layout_loops_ring, mainiacjoe_overflow_chevrons, nzn_random_ring,
          uniq_nergalle, uniq_grum
Temple:   nicolae_temple_x_marks_the_god

Skill      XL: |  1  2  3  4  5  6  7  8  9 10 11 |
---------------+----------------------------------+-----
Maces & Flails | 3 4 5 6 8 10 12 | 12.7
Armour         | 1 2 3 4 5 6 |  6.0
Shields        | 1 2 3 4 5 |  5.2
Fighting       | 3 5 6 7 8 |  8.1
Dodging        | 3 |  3.6
Stealth        | 1 2 |  2.1
Invocations    | 3 |  3.2
Throwing       | |  1.9

Action                   |  1- 3 |  4- 6 |  7- 9 | 10-12 || total
-------------------------+-------+-------+-------+-------++-------
Melee: Flail             |   143 |   105 |   304 |   269 ||   821
       Kick              |       |       |    72 |    86 ||   158
Throw: Throwing net      |       |     1 |       |       ||     1
  Use: Scroll            |       |     4 |     6 |     2 ||    12
       Potion            |       |       |       |     1 ||     1
 Stab: Sleeping          |     1 |       |       |       ||     1
Armor: Leather armour    |    22 |       |       |       ||    22
       Storm dragon scal |    28 |    56 |   163 |   138 ||   385
Dodge: Dodged            |    72 |    39 |   132 |   137 ||   380
Block: Buckler           |    45 |    42 |    89 |    97 ||   273

Table legend: (Time is in decaauts)
 A = Elapsed time spent in this place.
 B = Non-inter-level travel time spent in this place.
 C = Inter-level travel time spent in this place.
 D = Time resting spent in this place.
 E = Time spent auto-exploring this place.
 F = Levels seen in this place.
 G = Mean time per level.
                   A        B        C        D        E       F      G
               +--------+--------+--------+--------+--------+-----+--------+
         Total |  13015 |  12208 |    807 |   2070 |   7919 |  11 | 1183.2 |
       Dungeon |  12999 |  12198 |    801 |   2070 |   7919 |  10 | 1299.9 |
        Temple |     15 |      9 |      6 |      0 |      0 |   1 |   15.0 |
               +--------+--------+--------+--------+--------+-----+--------+

Top non-repeatable levels by time:
     D:9: 2003 daAuts
     D:5: 1775 daAuts
     D:3: 1586 daAuts
     D:1: 1499 daAuts
     D:2: 1240 daAuts
     D:6: 1191 daAuts
     D:7: 1132 daAuts
    D:10: 1092 daAuts
     D:8: 766 daAuts
     D:4: 711 daAuts
  Temple: 15 daAuts
